 Dungeon Crawl Stone Soup version 0.30-a0-626-gd6a5dd7a1f (webtiles) character file.

Game seed: 16382965124864019582

40 mandoloar the Conjurer (level 3, -1/19 HPs)
             Began as a Deep Elf Conjurer on Jan 11, 2023.
             Killed from afar by a white imp (3 damage)
             ... with a puff of frost
             ... summoned by Natasha
             ... on level 2 of the Dungeon.
             The game lasted 00:02:41 (1484 turns).

mandoloar the Conjurer (Deep Elf Conjurer)          Turns: 1484, Time: 00:02:42

Health: -1/19      AC:  3    Str:  4    XL:     3   Next: 30%
Magic:  7/10       EV: 12    Int: 24    God:
Gold:   92         SH:  0    Dex: 13    Spells: 7/10 levels left

rFire   . . .      SeeInvis .    (no weapon)
rCold   . . .      Faith    .    (no shield)
rNeg    + . .      Spirit   .    a - +0 robe
rPois   .          Reflect  .    (no helmet)
rElec   .          Harm     .    i - +0 cloak
rCorr   .          Rampage  .    (no gloves)
Will    .....                    (no boots)
Stlth   ++                       (no amulet)
HPRegen 0.23/turn                e - ring of positive energy
MPRegen 0.12/turn                (no ring)

@: slowed, very slow
A: no striking features
a: no special abilities


You were on level 2 of the Dungeon.
You visited 1 branch of the dungeon, and saw 2 of its levels.

You collected 92 gold pieces.

Inventory:

Armour
 a - a +0 robe (worn)
 i - a +0 cloak (worn)
Jewellery
 e - a ring of positive energy (left hand)
Scrolls
 d - a scroll of poison {unknown}
 f - a scroll of fear {unknown}
Potions
 b - a potion of magic
 c - a potion of heal wounds {unknown}
 g - a potion of curing {unknown}
 h - 2 potions of cancellation {unknown}


   Skills:
 - Level 2.4 Dodging
 - Level 2.4 Stealth
 + Level 4.2 Spellcasting
 + Level 5.1 Conjurations


You had 7 spell levels left.
You knew the following spells:

 Your Spells              Type           Power      Damage    Failure   Level
a - Magic Dart            Conj           100%       1d8       1%          1
b - Searing Ray           Conj           58%        2d6       1%          2

Your spell library contained the following spells:

 Spells                   Type           Power      Damage    Failure   Level
 Dazzling Flash           Conj/Hex       34%        N/A       10%         3
 Fulminant Prism          Conj/Hex       8%         3d6       32%         4
 Iskenderun's Mystic Bla  Conj/Tloc      17%        2d5       32%         4


Dungeon Overview and Level Annotations

Branches:
Dungeon (2/15)

Altars:

Annotations:
D:2 Natasha


Message History

Search for what [? for help]? .
The magic dart hits the hobgoblin.
You kill the hobgoblin!
You see here a hobgoblin corpse.
You now have 92 gold pieces (gained 12).
A bat comes into view.
The magic dart hits the bat.
The bat is severely wounded.
The magic dart hits the bat!
You kill the bat!
Found a short sword.
Found a faded altar of an unknown god.
You see here a +0 short sword.
Natasha, Servant of Life and Death comes into view.
The magic dart hits Natasha.
Natasha is lightly wounded.
Natasha hisses angrily.
The magic dart hits Natasha.
Natasha is moderately wounded.
Natasha stares at you and mumbles some strange words.
The magic dart hits you! Natasha casts a spell at you.
You feel yourself slow down.
Natasha casts a spell.
The magic dart hits Natasha but does no damage.
Natasha is moderately wounded.
Natasha mumbles some strange words.
Natasha casts a spell.
Natasha stares at you and mumbles some strange words.
You feel as though you will be slow longer.
The magic dart hits the white imp.
The white imp is heavily wounded.
The white imp gestures at you. The puff of frost hits you.
The white imp gestures at you. The puff of frost hits you!
* * * LOW HITPOINT WARNING * * *
The white imp gestures at you. The puff of frost hits you.
You die...

##.## #.# #.# #.# #.# #.#
# ### ##'## #.# ... ..#
##)..## #.# ... #>#
##.....########.##
.#.##.###................#
#...#5##...5.....####....#
.......'..5.h...@'.......#
#..[#.##.........####....#
##..#.###.5......# #.....#
......# ##.....#.# #.#...#
###.### ##...##.# #.###.#
#.# ##+###.###.###.# #.#
#.# #.........# #.# #.#
#####.##### #.# ######.##
#.#


You could see Natasha and 3 white imps.

Vanquished Creatures
  An adder (D:2)
  A dart slug (D:1)
  4 bats
  An endoplasm (D:1)
  5 giant cockroaches (D:1)
  2 goblins (D:1)
  5 hobgoblins
  A kobold (D:1)
  A ball python (D:1)
  2 frilled lizards (D:1)
  3 rats (D:1)
26 creatures vanquished.

Notes
Turn   | Place    | Note
-------+----------+-------------------------------------------
     0 | D:1      | mandoloar the Deep Elf Conjurer began the quest for the
                  | Orb.
     0 | D:1      | Reached XP level 1. HP: 10/10 MP: 6/6
   260 | D:1      | Reached XP level 2. HP: 15/15 MP: 3/8
   265 | D:1      | Learned a level 2 spell: Searing Ray
  1243 | D:2      | Reached skill level 5 in Conjurations
  1243 | D:2      | Reached XP level 3. HP: 19/19 MP: 6/10
  1434 | D:2      | Found a faded altar of an unknown god.
  1473 | D:2      | Noticed Natasha
  1484 | D:2      | Killed from afar by a white imp

Illustrated notes

Levels and vault maps discovered:
D:1:      shiori_arrival_oz, layout_rooms
D:2:      layout_loops_corners, basic_altar,
          shapermc_ecumenical_altar_mp_highgroup, uniq_natasha

Skill      XL: |  1  2 |
---------------+-------+-----
Spellcasting   | 4 |  4.2
Conjurations   | 5 |  5.1
Dodging        | |  2.4
Stealth        | |  2.4

Action                   || total
-------------------------++-------
 Cast: Magic Dart        ||    52
Armor: Robe              ||     1
Dodge: Dodged            ||     3

Table legend: (Time is in decaauts)
 A = Elapsed time spent in this place.
 B = Non-inter-level travel time spent in this place.
 C = Inter-level travel time spent in this place.
 D = Time resting spent in this place.
 E = Time spent auto-exploring this place.
 F = Levels seen in this place.
 G = Mean time per level.
                   A        B        C        D        E       F      G
               +--------+--------+--------+--------+--------+-----+--------+
         Total |   1486 |   1449 |     37 |    597 |    710 |   2 |  743.0 |
       Dungeon |   1486 |   1449 |     37 |    597 |    710 |   2 |  743.0 |
               +--------+--------+--------+--------+--------+-----+--------+

Top non-repeatable levels by time:
     D:1: 1238 daAuts
     D:2: 247 daAuts
